 Dungeon Crawl Stone Soup version 0.25-a0-435-g4b9beb1 (webtiles) character file.

Game seed: 2695301265044796716, levelgen mode: deterministic

21 2tousent the Ruffian (level 2, -2/29 HPs)
             Began as a Troll Monk on Jan 27, 2020.
             Slain by a leopard gecko (3 damage)
             ... on level 2 of the Dungeon.
             The game lasted 00:02:26 (723 turns).

2tousent the Ruffian (Troll Monk)                    Turns: 723, Time: 00:02:27

Health: -2/29      AC:  6    Str: 18    XL:     2   Next: 62%
Magic:  1/1        EV: 10    Int:  6    God:
Gold:   62         SH:  0    Dex: 12    Spells: 1/1 levels left

rFire    . . .     SeeInvis .     - Unarmed
rCold    . . .     Gourm    +   (no shield)
rNeg     . . .     Faith    .   a - +0 robe
rPois    .         Spirit   .   (helmet restricted)
rElec    .         Reflect  .   (no cloak)
rCorr    .         Harm     .   (gloves unavailable)
MR       .....                  (boots unavailable)
Stlth    ++........             (no amulet)
HPRegen  0.49/turn              (no ring)
MPRegen  0.07/turn              (no ring)

@: no status effects
A: large, unfitting armour, claws 3, fast metabolism 3, gourmand, regeneration
1, shaggy fur 1, tough skin 3
a: no special abilities


You were on level 2 of the Dungeon.
You were hungry.

You visited 1 branch of the dungeon, and saw 2 of its levels.

You collected 62 gold pieces.

Inventory:

Missiles
 g - 8 datura-tipped darts (quivered)
Armour
 a - a +0 robe (worn)
Scrolls
 c - 3 scrolls of remove curse {unknown}
 d - a scroll of immolation {unknown}
 e - a scroll of teleportation {unknown}
 f - 2 scrolls of magic mapping {unknown}
Potions
 h - a potion of degeneration {unknown}
Comestibles
 b - 5 rations


   Skills:
 * Level 2.8 Fighting
 + Level 0.0 Throwing
 + Level 2.6 Dodging
 - Level 1.0 Stealth
 * Level 3.4 Unarmed Combat


You had one spell level left.
You didn't know any spells.
Your spell library was empty.

Dungeon Overview and Level Annotations

Branches:
Dungeon (2/15)

Altars:

Annotations:
D:2 Natasha, Sigmund


Innate Abilities, Weirdness & Mutations

You are too large for most types of armour.
You have claws for hands.
Your metabolism is lightning-fast.
You like to eat raw meat.
Your natural rate of healing is unusually fast.
You are covered in fur. (AC +1)
You have extremely tough skin. (AC +3)


Message History

Sigmund flickers and vanishes!
Deactivating autopickup; reactivate with Ctrl-A.
You scratch the leopard gecko but do no damage.
The leopard gecko bites you but does no damage.
Something hits you!
You closely miss something. The leopard gecko bites you.
The leopard gecko barely misses you.
You scratch something. Something hits you!
The leopard gecko closely misses you.
You barely miss something. The leopard gecko bites you. Something hits you!
* * * LOW HITPOINT WARNING * * *
You miss something. The leopard gecko closely misses you.
Natasha, Servant of Life and Death comes into view.
The goblin hits you but does no damage.
Natasha hisses angrily.
You claw something! The leopard gecko closely misses you. Something hits you.
* * * LOW HITPOINT WARNING * * *
The goblin closely misses you.
You closely miss something. The leopard gecko bites you.
You die...

##..##...................#
#..#................#
#...................#
.....#...............#
....#.######..........#
...##.######........###
.... ...............#
..... .........#######
...... (.h....@l......
......g{.......
.............>.
...............
.####.........(
####....... ..####+ ..#


You could see Natasha, a leopard gecko and a goblin.

Vanquished Creatures
  A dart slug (D:1)
  4 bats (D:1)
  4 hobgoblins (D:1)
  A ball python (D:1)
  3 frilled lizards (D:1)
  3 goblins (D:1)
  3 kobolds (D:1)
  A rat (D:1)
20 creatures vanquished.

Notes
Turn   | Place    | Note
-------+----------+-------------------------------------------
     0 | D:1      | 2tousent the Troll Monk began the quest for the Orb.
     0 | D:1      | Reached XP level 1. HP: 22/22 MP: 0/0
   148 | D:1      | Reached XP level 2. HP: 29/29 MP: 1/1
   709 | D:2      | Noticed Sigmund
   721 | D:2      | Noticed Natasha
   722 | D:2      | HP: 1/29 [something (2)]
   723 | D:2      | Slain by a leopard gecko

Levels and vault maps discovered:
D:1:      dpeg_arrival_lava_temple_mockup, layout_basic
D:2:      layout_basic, lemuel_zombie_altar_yredelemnul, first_ration,
          kennysheep_generic_room_9, uniq_sigmund, uniq_natasha, uniq_terence

Action                   || total
-------------------------++-------
Melee: Unarmed           ||    59
       Punch             ||     1
  Eat: Chunk             ||     3
Armor: Robe              ||    23
Dodge: Dodged            ||    36

Table legend:
 A = Non-vault XP
 B = Vault XP
 C = Vault XP percentage of total XP
 D = Non-vault monster count
 E = Vault monster count
 F = Vault count percentage of total count
                 A         B        C        D         E       F
            +---------+---------+-------+---------+---------+-------
      Total |      30 |       0 |   0.0 |      20 |       0 |   0.0
            +---------+---------+-------+---------+---------+-------
        D:1 |      30 |       0 |   0.0 |      20 |       0 |   0.0
            +---------+---------+-------+---------+---------+-------
